 Dungeon Crawl Stone Soup version 0.25.1-2-g60ff931df9 (webtiles) character file.

Game seed: 5112634445691134141

77 Kaliet the Conjurer (level 4, -2/27 HPs)
             Began as an Octopode Conjurer on Nov 7, 2020.
             Slain by a crimson imp (4 damage)
             ... summoned by Natasha
             ... on level 2 of the Dungeon on Nov 8, 2020.
             The game lasted 00:14:29 (1506 turns).

Kaliet the Conjurer (Octopode Conjurer)             Turns: 1506, Time: 00:14:30

Health: -2/27      AC:  1    Str:  6 (7)  XL:     4   Next: 34%
Magic:  1/7        EV: 13    Int: 15 (18) God:
Gold:   70         SH:  0    Dex: 11 (12) Spells: 3/8 levels left

rFire    . . .     SeeInvis .   (no weapon)
rCold    . . .     Gourm    .   (no shield)
rNeg     . . .     Faith    .   (helmet restricted)
rPois    .         Spirit   .   (no amulet)
rElec    .         Reflect  .   (no ring)
rCorr    .         Harm     .   (no ring)
MR       .....     NoTele   +   (no ring)
Stlth    +++.......             (no ring)
HPRegen  0.09/turn              (no ring)
MPRegen  0.10/turn              (no ring)
                                (no ring)
                                (no ring)

@: cannot translocate, very slightly contaminated, slowed, very slow
A: almost no armour, stealthy swim, amphibious, 8 rings, constrict 8, camouflage
1, gelatinous body 1
a: no special abilities


You were on level 2 of the Dungeon.
You were not hungry.

You visited 1 branch of the dungeon, and saw 2 of its levels.

You collected 70 gold pieces.

Inventory:

Jewellery
 b - a cursed -4 ring of protection {unknown}
Scrolls
 e - a scroll of fog {unknown}
Potions
 a - a potion of ambrosia
 c - 2 potions of brilliance
 d - a potion of degeneration


   Skills:
 + Level 2.2 Dodging
 + Level 2.9 Stealth
 + Level 0.7 Unarmed Combat
 + Level 2.5 Spellcasting
 + Level 5.1 Conjurations


You had 3 spell levels left.
You knew the following spells:

 Your Spells              Type           Power        Failure   Level  Hunger
a - Magic Dart            Conj           ###.         2%          1    #......
b - Iskenderun's Mystic   Conj/Tloc      #.......     58%         4    #####..

Your spell library contained the following spells:

 Spells                   Type           Power        Failure   Level  Hunger
 Searing Ray              Conj           ###...       3%          2    ###....
 Dazzling Flash           Conj/Hex       #.....       22%         3    ###....
 Fulminant Prism          Conj/Hex       #.........   58%         4    #####..


Dungeon Overview and Level Annotations

Branches:
Dungeon (2/15)

Altars:

Annotations:
D:2 Natasha


Innate Abilities, Weirdness & Mutations

You cannot wear most types of armour.
You are very stealthy in the water. (Stealth+)
You are amphibious.
You can wear up to eight rings at the same time.
You can use your tentacles to constrict eight enemies at once.
Your skin changes colour to match your surroundings (Stealth+).
Your rubbery body absorbs attacks. (AC +1, EV +1)


Message History

The spell is potentially lethal to cast (58% risk of failure)!
Continue anyway?
You miscast Iskenderun's Mystic Blast.
You are very lightly contaminated with residual magic.
You catch a glimpse of the back of your own head.
You constrict Natasha. Natasha claws you.
* * * LOW HITPOINT WARNING * * *
You release your grip on Natasha.
Natasha casts a spell.
You miss the crimson imp. You grab the crimson imp.
You squeeze the crimson imp.
The crimson imp is moderately wounded.
You constrict the crimson imp, but do no damage.
Natasha barely misses you. The crimson imp hits you.
* * * LOW HITPOINT WARNING * * *
You barely miss the crimson imp.
The crimson imp is moderately wounded.
You constrict the crimson imp. Natasha claws you.
* * * LOW HITPOINT WARNING * * *
The crimson imp hits you.
You die...

.. .#..#.#.#.#.#...##. ..
.#..#.#.#.#.###.##. .#
##.#..#...#.#.#......
l..h........#.#.#######
5#h.h..# #.#.#.# #
.hh..=#.#...#.# #
#.......#.#.#.# #
#.###h#######.#.#.# #
#....hbh@5....#.#.# #
#####.#########.#.#######
#.# #.#..<†.... ..#
#.######### #### #.#


You could see Natasha (strong), a crimson imp (summoned), 2 jackals and a bat.

Vanquished Creatures
  Natasha (D:2)
  An adder (D:2)
  An ooze (D:2)
  2 dart slugs (D:1)
  2 leopard geckos (D:2)
  2 bats
  3 giant cockroaches
  3 goblins
  8 hobgoblins
  4 kobolds
  5 rats
32 creatures vanquished.

Notes
Turn   | Place    | Note
-------+----------+-------------------------------------------
     0 | D:1      | Kaliet the Octopode Conjurer began the quest for the Orb.
     0 | D:1      | Reached XP level 1. HP: 11/11 MP: 3/3
   162 | D:1      | Reached XP level 2. HP: 17/17 MP: 0/5
   472 | D:1      | Reached XP level 3. HP: 21/21 MP: 1/6
  1206 | D:2      | Noticed Natasha
  1213 | D:2      | Killed Natasha
  1213 | D:2      | Reached skill level 5 in Conjurations
  1213 | D:2      | Reached XP level 4. HP: 24/27 MP: 1/7
  1219 | D:2      | Learned a level 4 spell: Iskenderun's Mystic Blast
  1490 | D:2      | Noticed Natasha
  1506 | D:2      | Slain by a crimson imp

Illustrated notes

Levels and vault maps discovered:
D:1:      heliophobic_arrival_enchanted_forest, layout_loops_ring
D:2:      layout_basic, uniq_natasha

Skill      XL: |  1  2  3 |
---------------+----------+-----
Conjurations   | 5 |  5.1
Dodging        | |  2.2
Stealth        | |  2.9
Unarmed Combat | |  0.7
Spellcasting   | |  2.5

Action                   |  1- 3 |  4- 6 || total
-------------------------+-------+-------++-------
Melee: Unarmed           |    37 |     6 ||    43
       Constrict         |    11 |     3 ||    14
       Tentacles         |     7 |     1 ||     8
 Cast: Magic Dart        |    40 |    10 ||    50
  Use: Potion            |     3 |       ||     3
       Scroll            |     2 |     2 ||     4
  Eat: Ration            |     1 |       ||     1
Armor: Skin              |     3 |     2 ||     5
Dodge: Dodged            |    18 |     5 ||    23
